AoeStats
← Malcolm Little

Arena

508568424Analyzed
4v4 RM · 8d ago on Sep 23, 2026· 46m 29s· 8 players
Game mode
Random Map
Map size
Large (8 player)
Population
200
Speed
Normal
Resources
Standard
Victory
Conquest
Starting age
Dark Age
Ending age
Imperial Age
RankedLock teamsTeams togetherTeam positionsShared explorationLock speedFull tech treeHidden civsTurbo modeCheats
Victory
Defeat
🇩🇴 Spanish · Dominican Republic
1424
+14
🇨🇴 Burmese · Colombia
1394
+16
🇨🇴 Malians · Colombia
1391
+16
🇲🇽 Saxons · Mexico
1367
+17
🇺🇸 Romans · United States
1434
-18
🇺🇸 Celts · United States
1418
-17
🇺🇸 Danes · United States
1398
-16
🇺🇸 Wei · United States
1296
-12
Freestyle98
10:26 Feudal Age
12:19 Double-Bit Axe
13:04 Horse Collar
16:38 Castle Age
15:08 Gold Mining
15:11 Stone Mining
15:35 Gold Mining
19:32 Bow Saw
20:34 Wheelbarrow
20:40 Gold Shaft Mining
22:15 Scale Mail Armor
22:23 Scale Barding Armor
23:44 Forging
24:13 Bloodlines
26:55 Iron Casting
27:04 Husbandry
28:41 Chain Barding Armor
28:49 Heavy Plow
36:33 Imperial Age
33:51 Loom
33:52 Town Watch
36:21 Fletching
38:30 Blast Furnace
39:40 Plate Barding Armor
39:39 Conscription
42:52 Elite Centurion
SlickPOPI
11:10 Feudal Age
15:07 Castle Age
13:51 Horse Collar
13:58 Double-Bit Axe
14:46 Scale Mail Armor
15:39 Forging
16:22 Bow Saw
20:43 Loom
22:32 Wheelbarrow
23:44 Hand Cart
23:43 Squires
26:38 Chain Mail Armor
28:39 Heavy Plow
29:22 Iron Casting
31:38 Gambesons
31:52 Town Watch
37:37 Imperial Age
35:47 Gold Mining
35:32 Pikeman
36:44 Stone Mining
37:30 Gold Shaft Mining
37:55 Elite Varangian Guard
39:14 Plate Mail Armor
39:50 Blast Furnace
38:50 Halberdier
killnooby
10:41 Feudal Age
15:33 Castle Age
13:49 Horse Collar
14:26 Double-Bit Axe
16:59 Wheelbarrow
17:04 Bow Saw
18:54 Gold Mining
20:04 Stone Mining
21:23 Heavy Plow
22:53 Forging
29:31 Imperial Age
27:37 Scale Barding Armor
28:46 Iron Casting
29:34 Gold Shaft Mining
29:42 Chain Barding Armor
30:23 Tuntian
32:08 Blast Furnace
31:38 Light Cavalry
32:29 Bloodlines
32:55 Pikeman
33:38 Scale Mail Armor
34:47 Hand Cart
34:17 Halberdier
35:41 Chain Mail Armor
FreakinAindreas16
10:44 Feudal Age
9:37 Loom
11:25 Feudal Age
16:16 Castle Age
25:31 Double-Bit Axe
27:38 Gold Mining
30:19 Fletching
30:56 Scale Mail Armor
31:39 Bow Saw
33:36 Chain Mail Armor
37:14 Wheelbarrow
36:48 Pikeman
37:54 Forging
42:15 Fortified Wall
Huichotzin
8:09 Feudal Age
8:42 Loom
8:54 Double-Bit Axe
11:23 Fletching
12:49 Horse Collar
16:33 Wheelbarrow
20:36 Castle Age
18:53 Town Watch
19:13 Gold Mining
19:23 Arson
21:17 Bodkin Arrow
21:54 Heavy Plow
22:09 Bow Saw
24:41 Hand Cart
29:06 Padded Archer Armor
31:07 Ballistics
31:19 Squires
37:08 Imperial Age
35:03 Thumb Ring
35:54 Husbandry
36:05 Bloodlines
36:25 Scale Mail Armor
36:35 Forging
37:30 Gambesons
38:03 Chain Mail Armor
37:15 Elite Varangian Guard
38:33 Conscription
39:32 Iron Casting
39:39 Plate Mail Armor
40:07 Clerical Recruitment
40:07 Shield Wall
41:38 Bracer
41:53 Leather Archer Armor
45:16 Elite Hearth Troop
47:44 Hoardings
Malcolm Little
10:48 Feudal Age
11:57 Double-Bit Axe
14:31 Castle Age
12:53 Gold Mining
17:05 Sanctity
18:09 Sanctity
Dadagama
10:19 Feudal Age
11:30 Double-Bit Axe
11:27 Horse Collar
13:32 Wheelbarrow
15:53 Castle Age
17:30 Bow Saw
17:23 Heavy Plow
22:53 Loom
23:23 Hand Cart
23:02 Gold Mining
27:49 Imperial Age
26:34 Scale Barding Armor
26:39 Forging
27:58 Bloodlines
27:48 Husbandry
29:09 Conscription
28:51 Farimba
28:21 Heavy Camel Rider
29:44 Gold Shaft Mining
28:48 Light Cavalry
31:26 Chain Barding Armor
31:41 Iron Casting
31:14 Stone Mining
35:02 Tigui
35:12 Scale Mail Armor
36:59 Arson
37:14 Squires
37:51 Iron Casting
37:52 Plate Barding Armor
37:32 Chain Mail Armor
40:05 Stone Shaft Mining
Milongo
12:26 Feudal Age
13:35 Town Watch
16:40 Castle Age
14:34 Horse Collar
14:45 Gold Mining
18:04 Heavy Plow
19:07 Bloodlines
18:58 Husbandry
21:24 Scale Barding Armor
25:07 Forging
28:31 Wheelbarrow
27:49 Stone Mining
27:47 Loom
29:49 Chain Barding Armor
30:04 Iron Casting
34:14 Imperial Age
32:00 Hand Cart
35:19 Light Cavalry
35:19 Cavalier
35:27 Elite Battle Elephant
36:09 Howdah
36:10 Manipur Cavalry
36:31 Conscription
37:20 Hussar
38:34 Crop Rotation
38:40 Gold Shaft Mining
39:07 Plate Barding Armor
40:07 Blast Furnace
42:17 Fletching
43:34 Chemistry
42:55 Ballistics
42:40 Siege Engineers
43:38 Bodkin Arrow
44:21 Bracer
44:50 Elite Arambai
45:33 Padded Archer Armor
Connection lost

Rejoining the realm…

Still unreachable

The connection could not be restored.

Session expired

The server has moved on; the page needs a fresh start.